AoeStats
← THL

Oasis

509020737Analyzed
2v2 RM · 7d ago on Sep 25, 2026· 80m 55s· 4 players
Game mode
Random Map
Map size
Medium (4 player)
Population
200
Speed
Normal
Resources
Standard
Victory
Conquest
Starting age
Dark Age
Ending age
Imperial Age
RankedLock teamsTeams togetherTeam positionsShared explorationLock speedFull tech treeHidden civsTurbo modeCheats
Victory
Defeat
🇦🇷 Persians · Argentina
1632
+15
🇻🇳 Maya · Vietnam
1564
+17
🇦🇺 Saxons · Australia
1601
-16
🇦🇺 Britons · Australia
1600
-16
Kwisatz Haderach
5:05 Loom
9:42 Feudal Age
12:13 Double-Bit Axe
14:53 Horse Collar
22:00 Castle Age
21:41 Scale Mail Armor
25:14 Forging
26:49 Iron Casting
26:31 Chain Mail Armor
33:05 Iron Casting
32:55 Squires
42:53 Imperial Age
41:50 Wheelbarrow
43:01 Elite Varangian Guard
43:40 Murder Holes
43:45 Shield Wall
45:06 Conscription
45:39 Plate Mail Armor
46:49 Fletching
49:34 Bodkin Arrow
51:17 Man-at-Arms
52:33 Bow Saw
52:25 Heavy Plow
52:14 Long Swordsman
53:00 Two-Handed Swordsman
54:17 Champion
60:00 Two-Man Saw
64:32 Pikeman
65:31 Halberdier
71:29 Arson
77:31 Siege Engineers
Timoisgr8
7:42 Loom
10:04 Feudal Age
13:37 Castle Age
12:40 Double-Bit Axe
12:47 Horse Collar
14:44 Bow Saw
17:57 Fletching
17:46 Crossbowman
46:08 Bodkin Arrow
51:15 Ballistics
53:19 Wheelbarrow
52:56 Padded Archer Armor
59:26 Heavy Plow
60:52 Hand Cart
63:47 Imperial Age
60:49 Pikeman
61:15 Gambesons
61:30 Squires
61:15 Arson
62:53 Yeomen
66:06 Imperial Age
64:49 Leather Archer Armor
66:08 Forging
65:58 Scale Mail Armor
66:07 Halberdier
67:25 Iron Casting
66:53 Bracer
68:28 Ring Archer Armor
67:34 Arbalester
69:07 Ring Archer Armor
70:17 Chemistry
69:43 Elite Skirmisher
73:57 Hand Cart
74:53 Two-Man Saw
gabi98bac
1:35 Loom
39:35 Feudal Age
40:08 Double-Bit Axe
40:06 Horse Collar
43:26 Castle Age
42:00 Forging
42:16 Gold Mining
42:34 Scale Barding Armor
43:47 Wheelbarrow
44:07 Bloodlines
44:49 Chain Barding Armor
48:14 Husbandry
54:59 Iron Casting
60:21 Heavy Plow
60:38 Bow Saw
61:05 Hand Cart
60:35 Town Watch
61:37 Gold Shaft Mining
64:01 Imperial Age
63:46 Cavalier
65:05 Plate Barding Armor
65:30 Blast Furnace
64:02 Capped Ram
65:32 Conscription
65:10 Savar
65:44 Siege Ram
71:55 Kamandaran
71:50 Fletching
72:31 Murder Holes
72:47 Masonry
73:32 Citadels
73:58 Hoardings
73:26 Bodkin Arrow
75:01 Caravan
76:24 Chemistry
75:52 Ballistics
76:53 Padded Archer Armor
76:52 Elite Skirmisher
78:11 Leather Archer Armor
78:39 Architecture
79:14 Elite Skirmisher
80:36 Ring Archer Armor
80:38 Thumb Ring
THL
0:26 Loom
9:18 Feudal Age
9:58 Double-Bit Axe
14:10 Fletching
20:47 Castle Age
19:41 Padded Archer Armor
20:52 Crossbowman
21:48 Bodkin Arrow
22:11 Bow Saw
25:17 Ballistics
28:30 Eagle Warrior
29:12 Squires
29:06 Man-at-Arms
29:24 Eagle Warrior
30:30 Squires
30:33 Scale Mail Armor
30:44 Forging
32:30 Chain Mail Armor
35:00 Horse Collar
37:55 Wheelbarrow
40:08 Imperial Age
37:08 Long Swordsman
38:54 Iron Casting
40:38 Gold Mining
40:24 Two-Handed Swordsman
41:54 Plate Mail Armor
41:25 Stone Mining
41:57 Hand Cart
44:06 Blast Furnace
44:35 Capped Ram
51:54 Conscription
52:44 Elite Eagle Warrior
55:49 Holcans
58:02 Bracer
59:23 Chemistry
58:05 Arbalester
58:51 Thumb Ring
59:03 Leather Archer Armor
60:34 Ring Archer Armor
60:48 Town Watch
60:49 Elite Skirmisher
68:37 Coinage
71:27 Caravan
74:48 Banking
Connection lost

Rejoining the realm…

Still unreachable

The connection could not be restored.

Session expired

The server has moved on; the page needs a fresh start.